TOP OF THE 1ST |
So Cal Henvy batting - Pitching for Vista Panthers : RHP Randy Mailman
|
Pitching: RHP Randy Mailman
|
|
Batting: SHB Miguel González
|
0-0: Ball 1-0: Called Strike 1-1: Swinging Strike 1-2: Ball 2-2: Ground out 6-3 (Groundball, 6)
|
Batting: LHB John Peterson
|
0-0: Swinging Strike 0-1: Ball 1-1: Ball 2-1: DOUBLE (Flyball, 7M)
|
Batting: RHB Rubén Calderón
|
0-0: Swinging Strike 0-1: Called Strike 0-2: Foul Ball, location: 2F 0-2: Strikes out looking
|
Batting: LHB José Antonio Santiago
|
0-0: Called Strike 0-1: Called Strike 0-2: Ball 1-2: Ground out 4-3 (Groundball, 13)
|
Top of the 1st over - 0 run(s), 1 hit(s), 0 error(s), 1 left on base; So Cal 0 - Vista 0 |
BOTTOM OF THE 1ST |
Vista Panthers batting - Pitching for So Cal Henvy : RHP Jeffrey King
|
Pitching: RHP Jeffrey King
|
|
Batting: RHB Eugenio Lucero
|
0-0: Ball 1-0: Foul Ball, location: 2F 1-1: Ball 2-1: Ball 3-1: Foul Ball, location: 2F 3-2: Base on Balls
|
Batting: LHB Jesús González
|
0-0: Ball 1-0: Ball 2-0: Ball 3-0: Called Strike 3-1: Swinging Strike 3-2: Base on Balls Eugenio Lucero to second
|
Batting: LHB Bob Cunningham
|
0-0: Ground out 5-3 (Groundball, 5S) Eugenio Lucero to third Jesús González to second
|
Batting: SHB Mark Wells
|
0-0: Called Strike 0-1: Called Strike 0-2: Ball 1-2: Strikes out looking
|
Batting: RHB Roberto Cruz
|
0-0: Ball 1-0: Ball 2-0: Ground out 5-3 (Groundball, 56)
|
Bottom of the 1st over - 0 run(s), 0 hit(s), 0 error(s), 2 left on base; So Cal 0 - Vista 0 |
TOP OF THE 2ND |
So Cal Henvy batting - Pitching for Vista Panthers : RHP Randy Mailman
|
Batting: RHB Earl Wiggins
|
0-0: Ball 1-0: Foul Ball, location: 2F 1-1: Foul Ball, location: 2F 1-2: Foul Ball, location: 2F 1-2: SINGLE (Groundball, 6MD)
|
Batting: SHB Derek Roach
|
0-0: Called Strike 0-1: Fly out, F9 (Flyball, 89XD)
|
Batting: RHB Morgan Gibbon
|
0-0: Ball 1-0: Ball 2-0: Ball 3-0: Called Strike 3-1: Grounds into double play, U6-3 (Groundball, 6)
|
Top of the 2nd over - 0 run(s), 1 hit(s), 0 error(s), 0 left on base; So Cal 0 - Vista 0 |
BOTTOM OF THE 2ND |
Vista Panthers batting - Pitching for So Cal Henvy : RHP Jeffrey King
|
Batting: RHB Javier Deleón
|
0-0: Foul Ball, location: 2F 0-1: Fly out, F9 (Flyball, 9LSF)
|
Batting: LHB Harry Pitts
|
0-0: Ball 1-0: Ground out U3 (Groundball, 3)
|
Batting: RHB Salvador Salas
|
0-0: Ground out 6-3 (Groundball, 6)
|
Bottom of the 2nd over - 0 run(s), 0 hit(s), 0 error(s), 0 left on base; So Cal 0 - Vista 0 |
TOP OF THE 3RD |
So Cal Henvy batting - Pitching for Vista Panthers : RHP Randy Mailman
|
Batting: LHB Al Mills
|
0-0: Ball 1-0: Fly out, F4 (Popup, 4)
|
Batting: SHB Esteban Silva
|
0-0: Called Strike 0-1: Ball 1-1: Foul Ball, location: 2F 1-2: Ball 2-2: Foul Ball, location: 2F 2-2: Ground out 4-3 (Groundball, 4)
|
Batting: SHB Miguel González
|
0-0: Ball 1-0: Ball 2-0: Foul Ball, location: 2F 2-1: Foul Ball, location: 2F 2-2: Ground out 6-3 (Groundball, 6M)
|
Top of the 3rd over - 0 run(s), 0 hit(s), 0 error(s), 0 left on base; So Cal 0 - Vista 0 |
BOTTOM OF THE 3RD |
Vista Panthers batting - Pitching for So Cal Henvy : RHP Jeffrey King
|
Batting: RHB Teddy Bates
|
0-0: Ball 1-0: Called Strike 1-1: Swinging Strike 1-2: Ball 2-2: Ball 3-2: Strikes out swinging
|
Batting: RHB Eugenio Lucero
|
0-0: Ball 1-0: SINGLE (Flyball, 8RS)
|
Batting: LHB Jesús González
|
0-0: Ball 1-0: Swinging Strike 1-1: Fielders Choice at 2nd, 3-6 (Groundball, 3)
|
Batting: LHB Bob Cunningham
|
0-0: Ball 1-0: Ball 2-0: Foul Ball, location: 2F 2-1: Called Strike 2-2: Ball 3-2: DOUBLE (Groundball, 5L) Jesús González to third Jesús González scores
|
Batting: SHB Mark Wells
|
0-0: Swinging Strike 0-1: Ball 1-1: Swinging Strike 1-2: Strikes out looking
|
Bottom of the 3rd over - 1 run(s), 2 hit(s), 0 error(s), 1 left on base; So Cal 0 - Vista 1 |
TOP OF THE 4TH |
So Cal Henvy batting - Pitching for Vista Panthers : RHP Randy Mailman
|
Batting: LHB John Peterson
|
0-0: Foul Ball, location: 2F 0-1: Ball 1-1: Ground out U3 (Groundball, 3)
|
Batting: RHB Rubén Calderón
|
0-0: Ball 1-0: Foul Ball, location: 2F 1-1: Fly out, F4 (Popup, 4D)
|
Batting: LHB José Antonio Santiago
|
0-0: Ball 1-0: Called Strike 1-1: Ball 2-1: Swinging Strike 2-2: Foul Ball, location: 2F 2-2: SOLO HOME RUN (Flyball, 9D), Distance : 392 ft
|
Batting: RHB Earl Wiggins
|
0-0: Foul Ball, location: 2F 0-1: Swinging Strike 0-2: Ball 1-2: Ball 2-2: SINGLE (Groundball, 13S) (infield hit)
|
Batting: SHB Derek Roach
|
0-0: Ball 1-0: Ball 2-0: Ground out 3-1 (Groundball, 34)
|
Top of the 4th over - 1 run(s), 2 hit(s), 0 error(s), 1 left on base; So Cal 1 - Vista 1 |
BOTTOM OF THE 4TH |
Vista Panthers batting - Pitching for So Cal Henvy : RHP Jeffrey King
|
Batting: RHB Roberto Cruz
|
0-0: Foul Ball, location: 2F 0-1: Ball 1-1: Ball 2-1: Ground out 6-3 (Groundball, 6)
|
Batting: RHB Javier Deleón
|
0-0: Called Strike 0-1: Ground out 6-3 (Groundball, 6)
|
Batting: LHB Harry Pitts
|
0-0: SINGLE (Line Drive, 78S)
|
Batting: RHB Salvador Salas
|
0-0: Foul Ball, location: 2F 0-1: Foul Ball, location: 2F 0-2: Foul Ball, location: 2F 0-2: Ball 1-2: Strikes out swinging
|
Bottom of the 4th over - 0 run(s), 1 hit(s), 0 error(s), 1 left on base; So Cal 1 - Vista 1 |
TOP OF THE 5TH |
So Cal Henvy batting - Pitching for Vista Panthers : RHP Randy Mailman
|
Batting: RHB Morgan Gibbon
|
0-0: Ground out 6-3 (Groundball, 6M)
|
Batting: LHB Al Mills
|
0-0: Foul Ball, location: 2F 0-1: Foul Ball, location: 2F 0-2: Foul Ball, location: 2F 0-2: Ball 1-2: Foul Ball, location: 2F 1-2: Foul Ball, location: 2F 1-2: Ground out 5-3 (Groundball, 56)
|
Batting: SHB Esteban Silva
|
0-0: Ball 1-0: Ball 2-0: Called Strike 2-1: Swinging Strike 2-2: Ball 3-2: SINGLE (Groundball, 34)
|
Batting: SHB Miguel González
|
Pickoff Throw to First - Out!
|
Top of the 5th over - 0 run(s), 1 hit(s), 0 error(s), 0 left on base; So Cal 1 - Vista 1 |
BOTTOM OF THE 5TH |
Vista Panthers batting - Pitching for So Cal Henvy : RHP Jeffrey King
|
Batting: RHB Teddy Bates
|
0-0: Called Strike 0-1: Ball 1-1: Ball 2-1: Called Strike 2-2: Strikes out swinging, 2-3 out at first.
|
Batting: RHB Eugenio Lucero
|
0-0: Ground out 5-3 (Groundball, 56)
|
Batting: LHB Jesús González
|
0-0: Foul Ball, location: 2F 0-1: Called Strike 0-2: Foul Ball, location: 2F 0-2: Ball 1-2: SINGLE (Groundball, 34)
|
Batting: LHB Bob Cunningham
|
0-0: DOUBLE (Line Drive, 3D) Jesús González to third Runner from 3rd tries for Home, SAFE, no throw or cutoff
|
Batting: SHB Mark Wells
|
0-0: Called Strike 0-1: Ball 1-1: Ball 2-1: Fly out, F7 (Flyball, 7D)
|
Bottom of the 5th over - 1 run(s), 2 hit(s), 0 error(s), 1 left on base; So Cal 1 - Vista 2 |
TOP OF THE 6TH |
So Cal Henvy batting - Pitching for Vista Panthers : RHP Randy Mailman
|
Batting: SHB Miguel González
|
0-0: Called Strike 0-1: Called Strike 0-2: Ball 1-2: Ball 2-2: Strikes out swinging
|
Batting: LHB John Peterson
|
0-0: Called Strike 0-1: Ball 1-1: Foul Ball, location: 2F 1-2: Ball 2-2: Fly out, F9 (Line Drive, 9S)
|
Batting: RHB Rubén Calderón
|
0-0: Fly out, F6 (Popup, 56S)
|
Top of the 6th over - 0 run(s), 0 hit(s), 0 error(s), 0 left on base; So Cal 1 - Vista 2 |
BOTTOM OF THE 6TH |
Vista Panthers batting - Pitching for So Cal Henvy : RHP Jeffrey King
|
Batting: RHB Roberto Cruz
|
0-0: Ball 1-0: SINGLE (Line Drive, 6M)
|
Pitching: RHP Alejandro Méndez
|
|
Batting: RHB Javier Deleón
|
0-0: Called Strike 0-1: Ball 1-1: Foul Ball, location: 2F 1-2: Foul Ball, location: 2F 1-2: Strikes out swinging
|
Batting: LHB Harry Pitts
|
0-0: Fly out, F5 (Popup, 5F)
|
Batting: RHB Salvador Salas
|
0-0: Ball 1-0: Ground out 1-3 (Groundball, 23)
|
Bottom of the 6th over - 0 run(s), 1 hit(s), 0 error(s), 1 left on base; So Cal 1 - Vista 2 |
TOP OF THE 7TH |
So Cal Henvy batting - Pitching for Vista Panthers : RHP Randy Mailman
|
Pitching: RHP José Betancourt
|
|
Now at 1B: Iván De Jesús
|
|
Batting: LHB José Antonio Santiago
|
0-0: Ball 1-0: Foul Ball, location: 2F 1-1: Ball 2-1: Foul Ball, location: 2F 2-2: Fly out, F7 (Popup, 78S)
|
Batting: RHB Earl Wiggins
|
0-0: Ball 1-0: DOUBLE (Line Drive, 5)
|
Batting: SHB Derek Roach
|
0-0: Ground out 6-3 (Groundball, 6)
|
Batting: RHB Morgan Gibbon
|
0-0: Called Strike 0-1: Ball Wild Pitch! Earl Wiggins to third 1-1: Ground out 5-3 (Groundball, 56)
|
Top of the 7th over - 0 run(s), 1 hit(s), 0 error(s), 1 left on base; So Cal 1 - Vista 2 |
BOTTOM OF THE 7TH |
Vista Panthers batting - Pitching for So Cal Henvy : RHP Alejandro Méndez
|
Batting: RHB Teddy Bates
|
0-0: Called Strike 0-1: Foul Ball, location: 2F 0-2: Foul Ball, location: 2F 0-2: SINGLE (Line Drive, 8LS)
|
Batting: RHB Eugenio Lucero
|
0-0: Ball 1-0: Bunted foul 1-1: Bunted foul 1-2: SINGLE (Groundball, 6MD) Teddy Bates to second
|
Batting: LHB Jesús González
|
0-0: Ball Wild Pitch! Teddy Bates to third Eugenio Lucero to second 1-0: Foul Ball, location: 2F 1-1: Swinging Strike 1-2: Foul Ball, location: 2F 1-2: Fly out, F8 (Flyball, 89XD) Runner from 3rd tags up, SCORES, no throw
|
Batting: LHB Bob Cunningham
|
0-0: Ball 1-0: Foul Ball, location: 2F 1-1: Swinging Strike 1-2: Foul Ball, location: 2F 1-2: Strikes out swinging
|
Batting: SHB Mark Wells
|
0-0: Swinging Strike 0-1: Called Strike 0-2: Strikes out swinging
|
Bottom of the 7th over - 1 run(s), 2 hit(s), 0 error(s), 1 left on base; So Cal 1 - Vista 3 |
TOP OF THE 8TH |
So Cal Henvy batting - Pitching for Vista Panthers : RHP José Betancourt
|
Batting: LHB Al Mills
|
0-0: Ball 1-0: Called Strike 1-1: Foul Ball, location: 2F 1-2: Ball 2-2: Ground out 4-3 (Groundball, 4)
|
Batting: SHB Esteban Silva
|
0-0: Called Strike 0-1: DOUBLE (Line Drive, 9LS) - OUT at third base trying to stretch hit.
|
Batting: SHB Miguel González
|
0-0: Ball 1-0: Ball 2-0: SINGLE (Line Drive, 78S)
|
Pitching: LHP John Whitaker
|
|
Batting: LHB John Peterson
|
0-0: Ball 1-0: Called Strike 1-1: 2-RUN HOME RUN (Flyball, 8RXD), Distance : 432 ft
|
Batting: RHB Rubén Calderón
|
0-0: Called Strike 0-1: Ball 1-1: Swinging Strike 1-2: Ball 2-2: Strikes out swinging
|
Top of the 8th over - 2 run(s), 3 hit(s), 0 error(s), 0 left on base; So Cal 3 - Vista 3 |
BOTTOM OF THE 8TH |
Vista Panthers batting - Pitching for So Cal Henvy : RHP Alejandro Méndez
|
Pitching: RHP Jerry Good
|
|
Pinch Hitting: RHB Phil Matthews
|
0-0: Ball 1-0: Ball 2-0: Foul Ball, location: 2F 2-1: Ball 3-1: Called Strike 3-2: Ground out 4-3 (Groundball, 4M)
|
Batting: RHB Javier Deleón
|
0-0: Ball 1-0: Fly out, F8 (Line Drive, 8LD)
|
Batting: LHB Harry Pitts
|
0-0: Ball 1-0: Foul Ball, location: 2F 1-1: Ground out 3-1 (Groundball, 34)
|
Bottom of the 8th over - 0 run(s), 0 hit(s), 0 error(s), 0 left on base; So Cal 3 - Vista 3 |
TOP OF THE 9TH |
So Cal Henvy batting - Pitching for Vista Panthers : LHP John Whitaker
|
Pitching: RHP António López
|
|
Now at 1B: Phil Matthews
|
|
Batting: LHB José Antonio Santiago
|
0-0: Ball 1-0: Foul Ball, location: 2F 1-1: Called Strike 1-2: Fly out, F3 (Popup, 3F)
|
Batting: RHB Earl Wiggins
|
0-0: Ball 1-0: Called Strike 1-1: Swinging Strike 1-2: Strikes out swinging
|
Batting: SHB Derek Roach
|
0-0: Swinging Strike 0-1: Ball 1-1: Called Strike 1-2: Ball 2-2: Foul Ball, location: 2F 2-2: Ball 3-2: Strikes out looking
|
Top of the 9th over - 0 run(s), 0 hit(s), 0 error(s), 0 left on base; So Cal 3 - Vista 3 |
BOTTOM OF THE 9TH |
Vista Panthers batting - Pitching for So Cal Henvy : RHP Jerry Good
|
Pitching: RHP Juan Flores
|
|
Batting: RHB Salvador Salas
|
0-0: Swinging Strike 0-1: Ball 1-1: Swinging Strike 1-2: Fly out, F4 (Popup, 3DF)
|
Pinch Hitting: RHB John Mendelson
|
0-0: Foul Ball, location: 2F 0-1: Ball 1-1: SINGLE (Groundball, 6M)
|
Batting: RHB Eugenio Lucero
|
0-0: Ball 1-0: Ball 2-0: Ball 3-0: Base on Balls John Mendelson to second
|
Batting: LHB Jesús González
|
0-0: Called Strike 0-1: Ball 1-1: Grounds into double play, 4-6-3 (Groundball, 4)
|
Bottom of the 9th over - 0 run(s), 1 hit(s), 0 error(s), 1 left on base; So Cal 3 - Vista 3 |
TOP OF THE 10TH |
So Cal Henvy batting - Pitching for Vista Panthers : RHP António López
|
Now at C: Cisco Gatán
|
|
Batting: RHB Morgan Gibbon
|
0-0: Called Strike 0-1: Ball 1-1: Swinging Strike 1-2: Ground out 5-3 (Groundball, 5)
|
Batting: LHB Al Mills
|
0-0: Ball 1-0: Called Strike 1-1: Swinging Strike 1-2: Strikes out swinging
|
Batting: SHB Esteban Silva
|
0-0: Ground out 5-3 (Groundball, 5S)
|
Top of the 10th over - 0 run(s), 0 hit(s), 0 error(s), 0 left on base; So Cal 3 - Vista 3 |
BOTTOM OF THE 10TH |
Vista Panthers batting - Pitching for So Cal Henvy : RHP Juan Flores
|
Batting: LHB Bob Cunningham
|
0-0: Ball 1-0: Called Strike 1-1: SOLO HOME RUN (Flyball, 9D), Distance : 401 ft
|
Monday, December 5th, 2016 - OOTP Baseball 17.12 Build 75
|
|